[Event "Baku Open 2024"]
[Site "Baku"]
[Date "2024.07.06"]
[Round "8.11"]
[White "Suleymanli, Aydin"]
[Black "Aleksandrov, Aleksej"]
[Result "1-0"]
[ECO "C65"]
[WhiteElo "2626"]
[BlackElo "2405"]
[Annotator "TA"]
[PlyCount "93"]
[EventDate "2024.06.29"]
[EventType "swiss"]
[EventCountry "AZE"]
[SourceTitle "playchess.com"]
[Source "ChessBase"]
[SourceQuality "1"]
[TimeControl "5400+30"]

1. e4 e5 2. Nf3 Nc6 3. Bb5 Nf6 4. d3 Bc5 5. c3 O-O 6. O-O {[%emt 0:00:11] C65: Ruy Lopez: Berlin Defence (3...Nf6), unusual lines and 4 0-0 Bc5.} Re8 7. b4 Bf8 8. Bc4 d6 9. Ng5 Re7 10. Qb3 Qe8 11. a4 h6 12. Nf3 Be6 13. Bxe6 Rxe6 14. a5 $146 ({Predecessor:} 14. Nbd2 Rd8 15. Nc4 d5 16. exd5 Rxd5 17. b5 Nd8 18. d4 exd4 19. cxd4 c6 20. b6 axb6 21. Nxb6 {½-½ Rasmussen,A (2532)-Antonsen,M (2470) DEN-ch Svendborg 2015 (1)}) 14... a6 15. c4 Nh5 16. Nc3 Qd7 17. Nd5 g6 ({Black should play} 17... Ne7 $14) 18. Be3 Ne7 19. b5 Nxd5 20. cxd5 Re7 (20... Ree8 $16 {was worth a try.}) 21. bxa6 $18 bxa6 22. Rfc1 f5 23. Qb7 Qd8 (23... Qc8 {is a better defense.} 24. Qxc8 Rxc8) 24. Rc6 $18 f4 25. Ba7 (25. Rxa6 Rxa6 26. Qxa6 fxe3 27. fxe3 Qb8 $17) 25... g5 26. Rac1 (26. Rxa6 Rg7 27. h3 Kh8 $18) 26... g4 27. Ne1 g3 (27... f3 {might work better.} 28. g3 (28. Rxa6 Nf4 $16) 28... Nf6 29. Qxa6 Ne8) 28. Nf3 (28. Rxa6 c5 29. dxc6 (29. Qb6 gxf2+ 30. Kxf2 Qc8 $17) 29... Rxb7 (29... gxf2+ 30. Kxf2 Rxb7 31. cxb7 $16) 30. cxb7 Rxa7 (30... gxf2+ 31. Kxf2 d5 32. Kg1 $18) 31. Rxa7 Qb8 $16) (28. Qxa6 Rg7 $18) 28... Qe8 29. Rxc7 (29. Rxa6 c5 30. dxc6 Rxb7 31. cxb7 Be7 $18) 29... Rxc7 30. Rxc7 Qa4 31. Rc1 (31. Qxa8 $2 {gets mated.} Qd1+) 31... Qa3 32. Re1 Re8 33. Qxa6 Re7 34. Bb6 Rg7 35. Qb5 Nf6 36. hxg3 fxg3 37. fxg3 Rxg3 38. Rb1 Qa2 39. Qb2 Qa4 40. Ra1 Qe8 41. Qf2 Rg7 42. a6 Ng4 43. Qb2 Qa8 44. Qc3 Ra7 45. Bxa7 Qxa7+ 46. d4 h5 47. Qb2 1-0

[Event "Baku Open 2024"]
[Site "Baku"]
[Date "2024.07.06"]
[Round "8.12"]
[White "Jubin Jimmy"]
[Black "Muradli, Mahammad"]
[Result "0-1"]
[ECO "A37"]
[WhiteElo "2452"]
[BlackElo "2575"]
[Annotator "TA"]
[PlyCount "108"]
[EventDate "2024.06.29"]
[EventType "swiss"]
[EventCountry "AZE"]
[SourceTitle "playchess.com"]
[Source "ChessBase"]
[SourceQuality "1"]
[TimeControl "5400+30"]

1. c4 c5 2. g3 g6 3. Bg2 Bg7 4. Nc3 Nc6 5. Nf3 d6 6. O-O Nh6 $1 {[%emt 0:00:29][%mdl 4] 6...Nh6 is the recent fashion.} 7. d3 O-O 8. Bd2 {[%emt 0:02:47] A37: Symmetrical English vs ...g6: 4 Bg2 Bg7 5 Nf3.} Qd7 $5 {[%emt 0:01:26][%mdl 4] A promising side line.} 9. a3 Nf5 10. Rb1 b6 11. b4 Bb7 12. Ne4 Rac8 13. Qa4 $146 ({Predecessor:} 13. bxc5 dxc5 14. a4 Ba8 15. Bh3 e6 16. Bg2 Nd6 17. Nxd6 Qxd6 18. Ng5 Qe7 19. Ne4 {½-½ Zpevak,P (2402)-Cvek,R (2494) CZE-chT1E 1011 2010 (1.1)}) 13... Ba8 14. Bc3 Rfd8 15. Bxg7 Kxg7 16. Nc3 e6 17. e3 h5 18. Qc2 Qe7 19. Ne4 f6 20. Qb2 Ne5 21. Nxe5 dxe5 22. bxc5 bxc5 23. Rfd1 Bxe4 24. Bxe4 Nd6 25. Qc2 h4 26. Bg2 f5 27. Qe2 Qf6 28. Rb3 g5 29. e4 f4 (29... g4 $11) 30. Qg4 ({White should try} 30. gxf4 $14 gxf4 31. Kh1) 30... Rh8 31. Rdb1 Rcf8 32. R3b2 Rf7 33. Bh3 Rh6 34. Rb8 ({But not} 34. gxh4 Rxh4 35. Qxe6 f3 $17) (34. a4 $11 {keeps the balance.}) 34... hxg3 ({Black should play} 34... fxg3 $17 35. fxg3 Qf2+ 36. Kh1 Qf3+ 37. Qxf3 Rxf3) 35. hxg3 fxg3 36. Qxg3 Qf4 37. Kg2 Kf6 $1 38. Qg4 Ke7 39. R1b2 $2 (39. Qxf4 $11 gxf4 40. Rg8) 39... Rfh7 $19 40. Qxf4 gxf4 ({Much less strong is} 40... exf4 41. Bg4 Rh2+ 42. Kf3 $15) 41. Bg4 {[%emt 0:00:27] [#]} Rg7 $1 42. Kf3 Rh4 43. Ra8 $2 (43. d4 {nothing else works.} cxd4 (43... Rhxg4 44. dxc5 Nxc4 45. R2b7+ Kf6 46. Rf8+ Kg6 47. c6 $11) 44. c5) 43... Rgxg4 $19 44. Rxa7+ Kf6 45. Ra6 Nf7 46. Rb7 Ng5+ 47. Ke2 Rg2 48. Ra8 Rhh2 49. Rf8+ Kg6 50. Rg8+ Kh5 51. Rh8+ Kg4 52. Rxh2 Rxh2 53. Rg7 f3+ 54. Ke3 Rh1 0-1

[Event "Baku Open 2024"]
[Site "Baku"]
[Date "2024.07.06"]
[Round "8.13"]
[White "Asadli, Vugar"]
[Black "Suleimen, Ergali"]
[Result "1-0"]
[ECO "B70"]
[WhiteElo "2560"]
[BlackElo "2254"]
[Annotator "TA"]
[PlyCount "87"]
[EventDate "2024.06.29"]
[EventType "swiss"]
[EventCountry "AZE"]
[SourceTitle "playchess.com"]
[Source "ChessBase"]
[SourceQuality "1"]
[TimeControl "5400+30"]

1. e4 c5 2. Nf3 d6 3. d4 cxd4 4. Nxd4 Nf6 5. Nc3 g6 6. g3 Bg7 7. Bg2 O-O 8. O-O Nc6 9. Nde2 Rb8 10. a4 a6 11. h3 b5 12. axb5 axb5 13. Nd5 Nd7 14. c3 e6 15. Ne3 Nc5 16. b4 {[%emt 0:13:47] The position is equal.} Na4 17. Ra3 Qc7 18. h4 (18. f4 $11 {feels stronger.}) 18... f5 $2 (18... Ne5 $15 {keeps the upper hand.}) 19. exf5 $16 gxf5 {[%emt 0:00:08] [#]} 20. Nd5 $1 Qd7 21. Ndf4 $1 Ne7 22. Nh5 {[%emt 0:08:35] Hoping for Nxg7.} Nb6 (22... Be5 $16) 23. Nxg7 $18 Kxg7 24. Nf4 {[%emt 0:00:04] White is more active.} (24. Nd4 $142 $1 Rf7 25. Bg5) 24... Nc4 $2 (24... e5 $16 {was called for.}) 25. Ra2 $2 (25. Nxe6+ $1 $18 Qxe6 26. Ra7) 25... Kh8 (25... e5 $14) 26. Qh5 $2 (26. Nxe6 $1 $18 Qxe6 27. Re1) 26... e5 $11 27. Nh3 Ng8 $1 28. Bh6 {[%emt 0:03:50] Prevents Qg7} (28. Bg5 {feels hotter.} Bb7 29. Ra7 Rfc8 30. Rfa1) 28... Rf6 29. Bg5 $36 {[%emt 0:01:12][%mdl 2048] White is more active. This pair of bishops is nice.} Rg6 30. Rfa1 Bb7 $2 {[%emt 0:01:31] [#]} (30... d5 $1 $11) 31. Ra7 $2 (31. Bxb7 $1 $18 {Strongly threatening Bd5.} Rxb7 32. Ra8) 31... d5 $1 32. Rd1 {[%emt 0:00:23][%cal Od1d5] And now Rxd5! would win.} Nb6 {[%emt 0:02:06] [#]} (32... Rd6 $1 $11 {and Black stays safe.}) 33. Qe2 $1 $18 {[%emt 0:01:44] Black is weak on the dark squares} Qe8 34. Nf4 Rd6 (34... Rg7 $142) 35. Nd3 Nc4 36. Re1 Re6 (36... e4 $142 37. Bf4 d4 38. Bxd6 Nxd6) 37. Nc5 {[%emt 0:00:31] White is clearly winning.} Rb6 38. Rxb7 R8xb7 39. Nxb7 ({Less strong is} 39. Bxd5 Rf7 40. Ra1 (40. Bxf7 Qxf7 41. Rd1 Rc6 $18) 40... Rg7) 39... Rxb7 40. Bxd5 Rc7 41. Bxc4 Rxc4 42. Qxe5+ Qxe5 43. Rxe5 Rxc3 44. Rxf5 {[%emt 0:00:04] Weighted Error Value: White=0.24 (precise) /Black=0.54.  Loses game:     	---       	Black=3      Missed win:     	White=3     	---        Mistake:       	White=2     	Black=5      OK:         	White=16    	Black=6      Best:        	White=1     	Black=2      Strong:       	White=2     	Black=2} 1-0

[Event "Baku Open 2024"]
[Site "Baku"]
[Date "2024.07.06"]
[Round "8.14"]
[White "Soham Kamotra"]
[Black "Yeletsky, Ivan"]
[Result "0-1"]
[ECO "A36"]
[WhiteElo "2388"]
[BlackElo "2498"]
[Annotator "TA"]
[PlyCount "80"]
[EventDate "2024.06.29"]
[EventType "swiss"]
[EventCountry "AZE"]
[SourceTitle "playchess.com"]
[Source "ChessBase"]
[SourceQuality "1"]
[TimeControl "5400+30"]

1. c4 c5 2. g3 g6 3. Bg2 Bg7 4. Nc3 Nc6 5. a3 d6 6. Rb1 e6 7. b4 Nge7 8. Nf3 b6 {[%emt 0:03:49] The position is equal.} 9. O-O Bb7 10. Bb2 cxb4 11. axb4 Nxb4 12. Qb3 {[%emt 0:04:33] And now Nb5 would win.} Nbc6 13. Ne4 e5 {[%emt 0:03:54] [#]} (13... O-O $142 $1) 14. c5 $1 dxc5 15. Nxc5 bxc5 16. Qxb7 {[%emt 0:00:07][%cal Of3e5] Threatens to win with Nxe5!} Rb8 17. Qa6 O-O 18. Ba3 ({Better is} 18. Bc3 $11) 18... e4 $15 19. Ng5 Rxb1 20. Rxb1 Qxd2 21. Bxe4 Qa2 (21... Qxg5 $15 22. Bxc6 Qf5) 22. Rb7 $11 h6 23. Bxc6 Nxc6 24. Qxc6 Qxa3 25. Ne4 a5 26. Kg2 Qa2 {[%emt 0:01:26] Wards off Qd5} 27. e3 a4 28. Ra7 a3 29. Qxc5 $2 {[%emt 0:00:04][%mdl 8192] This move loses the game for White.} (29. Nxc5 $11 Rd8 30. Qc7) 29... Qe6 $19 30. Ra4 a2 31. Nc3 Qb3 32. Qa3 Qb7+ ({Much less strong is} 32... Qxc3 33. Qxc3 Bxc3 34. Rxa2) 33. Kg1 $2 (33. e4 Bxc3 34. Qxa2) 33... Bxc3 34. Qxa2 Rd8 35. e4 Rd2 {[%emt 0:02:47] Repels Qc2} 36. Qa3 {[%emt 0:00:31] [#]} Qb6 $1 {[%emt 0:01:24] Black mates.} 37. Ra8+ Kh7 38. Qa7 Qb1+ 39. Kg2 Qxe4+ 40. Kh3 Qf5+ {[%emt 0:00:16] Weighted Error Value: White=0.67/Black=0.07 (flawless) .  Loses game:     	White=1     	---        Mistake:       	White=2     	Black=2      Inaccurate:     	White=1     	---        OK:         	White=12    	Black=8      Best:        	White=1     	Black=8} 0-1

[Event "Baku Open 2024"]
[Site "Baku"]
[Date "2024.07.06"]
[Round "8.15"]
[White "Shyam, Sundar M."]
[Black "Israilov, Agil"]
[Result "1-0"]
[ECO "C00"]
[WhiteElo "2493"]
[BlackElo "2141"]
[Annotator "TA"]
[PlyCount "103"]
[EventDate "2024.06.29"]
[EventType "swiss"]
[EventCountry "AZE"]
[SourceTitle "playchess.com"]
[Source "ChessBase"]
[SourceQuality "1"]
[TimeControl "5400+30"]

1. e4 c5 2. Nf3 e6 3. g3 d6 4. Bg2 Nf6 5. Qe2 Nc6 6. O-O Be7 7. Rd1 O-O 8. d4 cxd4 9. Nxd4 {[%emt 0:00:04] The position is equal.} Nxd4 10. Rxd4 e5 11. Rd1 Bg4 12. Bf3 Be6 13. c4 Rc8 14. b3 a6 15. Bb2 Qa5 16. Nc3 g6 17. Rac1 h5 18. a4 Qb4 19. Qc2 Nd7 (19... h4 $1 $11) 20. Nd5 Bxd5 21. Bc3 (21. Rxd5 Nc5 $11) 21... Qb6 (21... Bxe4 22. Bxe4 Qc5 23. Bxb7 $18) 22. Rxd5 Nc5 23. b4 Ne6 24. Be2 Bf6 25. Rcd1 Nd4 26. Bxd4 exd4 27. Qd2 Rfe8 28. a5 Qc7 29. Bd3 Re5 $1 30. Rxe5 dxe5 31. c5 h4 32. Qh6 $36 {[%emt 0:07:40][%mdl 2048] Bc4 would now be deadly. White has good play.} Qd7 (32... Qc6 $1 $11) 33. Bc4 $16 {[%emt 0:00:28] White is more active.} (33. gxh4 $2 {is the wrong capture.} Qg4+ 34. Kh1 Qxd1+ $19) 33... Qg4 {[%emt 0:00:00][%csl LRd1,LRe4] [#]} 34. f3 $1 Qg5 {[%emt 0:00:00] Black is weak on the light squares} 35. Qxg5 Bxg5 {[%emt 0:00:00][%mdl 4096] Endgame. KRB-KRB} 36. Bd5 ({White should try} 36. f4 $16 Bf6 37. Kf1) 36... Rc7 $14 37. Kf2 Kf8 38. Ke2 Ke7 39. Rf1 Kd8 {[%emt 0:00:00] Loses the game.} (39... Be3 $16) 40. f4 $18 exf4 41. gxf4 Bh6 42. Kd3 Re7 43. Kxd4 f6 44. h3 g5 45. e5 fxe5+ 46. fxe5 g4 47. hxg4 ({Don't take} 47. Rf6 Bg7 48. Re6 (48. hxg4 $2 Bxf6 49. exf6 Rd7 $19) 48... Rxe6 49. Bxe6 g3) 47... Rg7 48. Rf8+ Ke7 $2 (48... Kc7 49. g5 Bxg5) 49. Rg8 {[%emt 0:00:09] White is clearly winning.} Rxg8 50. Bxg8 {[%emt 0:00:04] [#] Strongly threatening Bd5.} Bd2 51. Kc4 {[%emt 0:00:22] And now Bd5 would win.} Bf4 52. Bd5 {[%emt 0:00:11] Weighted Error Value: White=0.07 (flawless) /Black=0.20 (precise) .  Mistake:       	White=1     	Black=4      Inaccurate:     	White=3     	Black=3      OK:         	White=18    	Black=16     Best:        	White=3     	---        Strong:       	---       	Black=1      Brilliant:      	White=1     	---} 1-0

[Event "Baku Open 2024"]
[Site "Baku"]
[Date "2024.07.06"]
[Round "8.16"]
[White "Kamalidenova, Meruert"]
[Black "Iskandarov, Misratdin"]
[Result "1/2-1/2"]
[ECO "C60"]
[WhiteElo "2360"]
[BlackElo "2524"]
[Annotator "TA"]
[PlyCount "48"]
[EventDate "2024.06.29"]
[EventType "swiss"]
[EventCountry "AZE"]
[SourceTitle "playchess.com"]
[Source "ChessBase"]
[SourceQuality "1"]
[TimeControl "5400+30"]

1. e4 e5 2. Nf3 Nc6 3. Bb5 a6 4. Ba4 Nge7 5. O-O Ng6 6. d4 exd4 7. Nxd4 Nxd4 8. Qxd4 {[%emt 0:00:05] White is slightly better.} b5 9. Bb3 Bb7 {[%emt 0:00:02] [#] Inhibits Qd5. Threatens to win with ...c5.} 10. Rd1 Qe7 {[%emt 0:00:25][%cal Oc7c5] White must now prevent ...c5!} 11. c4 Qd6 12. Qxd6 Bxd6 13. Nc3 bxc4 14. Bxc4 f6 15. Be3 Ne5 16. Bd5 Bxd5 17. Nxd5 ({But not} 17. Rxd5 Ng4 $11) 17... Rb8 18. b3 Kd8 19. f3 {[%emt 0:05:08] White is more active.} Re8 20. Rac1 Rb5 21. Nc3 Bc5 22. Nd5 (22. Nxb5 Bxe3+ 23. Kf1 Bxc1 (23... axb5 $2 24. Rb1 $19) 24. Nxc7 Kxc7 $19) 22... Bd6 23. Nc3 Bc5 $1 24. Nd5 (24. Nxb5 Bxe3+ 25. Kf1 Bxc1 (25... axb5 $2 26. Rc2 $19) 26. Nxc7 Kxc7 $19) 24... Bd6 $1 {[%emt 0:00:27] Weighted Error Value: White=0.15 (very precise) /Black=0.03 (flawless) .  Inaccurate:     	White=2     	Black=1      OK:         	White=5     	Black=11     Strong:       	---       	Black=2} 1/2-1/2

[Event "Baku Open 2024"]
[Site "Baku"]
[Date "2024.07.06"]
[Round "8.17"]
[White "Gokerkan, Cem Kaan"]
[Black "Kurmangaliyeva, Liya"]
[Result "1-0"]
[ECO "D02"]
[WhiteElo "2512"]
[BlackElo "2282"]
[Annotator "TA"]
[PlyCount "103"]
[EventDate "2024.06.29"]
[EventType "swiss"]
[EventCountry "AZE"]
[SourceTitle "playchess.com"]
[Source "ChessBase"]
[SourceQuality "1"]
[TimeControl "5400+30"]

1. d4 Nf6 2. Nf3 e6 3. Bf4 d5 4. e3 c5 5. Nbd2 Nc6 6. c3 Be7 7. h3 Bd6 8. Bxd6 Qxd6 9. dxc5 Qxc5 {[%emt 0:01:15] The position is equal.} 10. Bd3 O-O 11. O-O e5 {[%emt 0:10:43] Hoping for ...e4.} 12. e4 h6 13. Re1 Be6 14. exd5 Qxd5 15. Ne4 (15. Bc4 $14 Qd6 16. Bb5) 15... Nh5 16. b4 Nf4 17. Bc2 Rad8 18. Qb1 Bc8 19. Bb3 Qd3 {[%emt 0:01:04] [#]} 20. b5 $1 Na5 (20... Qxb1 {simplifies} 21. Raxb1 Na5 22. Nxe5 Nxb3 23. axb3 Rd5) 21. Nxe5 (21. Bc2 {is interesting.} Qd7 22. Nxe5 Qc7 23. Nd3) 21... Qxb1 22. Raxb1 Nxb3 23. axb3 Rd5 24. Nc4 Rxb5 25. Ncd6 Rd5 26. c4 Rd3 27. Red1 Rd8 28. Rxd3 Nxd3 29. Rd1 Nb4 30. Rd2 f5 31. Nb5 {[%emt 0:05:30][%csl LRa7,LRd8] Excellent horsemanship.} Rxd2 32. Nxd2 $14 {[%emt 0:00:01][%mdl 4096] Endgame. KBN-KNN} Nc6 33. Nd6 Ne7 34. f4 b6 35. Kf2 (35. Nf3 $14) 35... Bd7 $11 36. Nf3 Kf8 {[%emt 0:01:24] [#]} (36... Nc8 $11 37. Nxc8 Bxc8) 37. Ne5 $1 $16 Be8 38. Ke3 g6 39. g3 {[%emt 0:00:25] White has more active pieces.} Bc6 40. Kd4 g5 41. Nxc6 Nxc6+ {[%emt 0:00:02] KN-KN} 42. Kd5 Na5 {[%emt 0:00:55][%mdl 8192] A mistake that costs the game.} (42... Nb4+ $16 43. Ke6 gxf4 44. gxf4 (44. Nxf5 f3 $17) 44... Nd3) 43. b4 $18 {[%emt 0:00:10] White is clearly winning.} (43. Nxf5 Nxb3 44. Nxh6 gxf4 45. gxf4 a5 $14) 43... Nb3 44. b5 (44. c5 $142 bxc5 45. bxc5 (45. Nxf5 cxb4 46. fxg5 hxg5 $15) 45... Nxc5 46. Kxc5) 44... g4 45. h4 (45. Nxf5 $2 {is the wrong capture.} gxh3 46. g4 Nd2 $19 (46... h2 $2 47. Ng3 $19)) 45... Nd2 46. Nxf5 h5 47. Ne3 {[%emt 0:01:18] Kc6 would now be deadly.} Kf7 48. Kc6 {[%emt 0:00:15] Strongly threatening Kb7.} Ne4 49. Kb7 ({Stronger than} 49. Nf5 Kf6 50. Nd4 Nxg3 $11) 49... Nxg3 50. Kxa7 Ke6 51. Kxb6 Nf5 52. Ng2 {[%emt 0:00:31] Weighted Error Value: White=0.21 (precise) /Black=0.18 (very precise) .  Loses game:     	---       	Black=1      Mistake:       	White=3     	Black=1      Inaccurate:     	White=1     	Black=4      OK:         	White=13    	Black=15     Best:        	White=3     	Black=2      Strong:       	White=1     	---} 1-0

[Event "Baku Open 2024"]
[Site "Baku"]
[Date "2024.07.06"]
[Round "8.18"]
[White "Aradhya, Garg"]
[Black "Davudov, Tunar"]
[Result "1-0"]
[ECO "E10"]
[WhiteElo "2418"]
[BlackElo "2249"]
[Annotator "TA"]
[PlyCount "79"]
[EventDate "2024.06.29"]
[EventType "swiss"]
[EventCountry "AZE"]
[SourceTitle "playchess.com"]
[Source "ChessBase"]
[SourceQuality "1"]
[TimeControl "5400+30"]

1. d4 Nf6 2. Nf3 e6 3. c4 c5 4. d5 exd5 5. cxd5 d6 6. e4 g6 7. h3 Bg7 8. Bd3 O-O 9. O-O c4 10. Bxc4 {[%emt 0:04:56] White is slightly better.} Nxe4 11. Bd3 Re8 (11... Nc5 $11) 12. Bxe4 $14 Rxe4 13. Nc3 Re8 14. Bg5 {[%emt 0:00:32] White leaves nothing to chance now.} Qd7 {[%emt 0:48:49] [#]} (14... Qa5 $142) 15. Qd2 $1 $16 f6 16. Bf4 {[%emt 0:00:47] Threatens to win with Rae1.} Na6 17. Rfe1 Rxe1+ 18. Rxe1 ({Resist} 18. Nxe1 $6 g5 $16) 18... Nc7 19. Nd4 b6 $2 (19... Qd8 20. Ne6 Bxe6) 20. Nc6 $18 {[%emt 0:01:24] A dynamic duo of knights.} Bf8 {[%emt 0:00:14] Wards off Re7} 21. Bh6 {[%emt 0:00:56] [#] Black must now prevent Bxf8.} Bb7 22. Bxf8 Rxf8 23. Re7 (23. Nxa7 Kg7 24. a4 Re8 $16) 23... Bxc6 24. Rxd7 Bxd7 25. Ne4 Ne8 26. Qb4 h5 27. Nxd6 Nxd6 28. Qxd6 {[%emt 0:00:04][%mdl 4096] Endgame. KQ-KRB} Rf7 29. Qb8+ Kg7 30. Qxa7 Bxh3 (30... b5 $142 31. Qc5 Kh7) 31. Qxb6 Bf5 32. a4 Re7 33. a5 {[%emt 0:01:11] aiming for a6.} h4 34. a6 {[%emt 0:00:13] Threatening mate with a7.} Re1+ 35. Kh2 {[%emt 0:00:02] White mates.} h3 36. a7 hxg2 37. Qb7+ (37. a8=B $2 g1=Q#) 37... Kh6 38. Kxg2 (38. a8=B $2 g1=Q#) 38... Be4+ 39. f3 Re2+ 40. Kg1 {[%emt 0:00:11] Weighted Error Value: White=0.03 (flawless) /Black=0.54.  Mistake:       	---       	Black=4      Inaccurate:     	White=1     	Black=2      OK:         	White=13    	Black=9      Best:        	White=5     	Black=1} 1-0

[Event "Baku Open 2024"]
[Site "Baku"]
[Date "2024.07.06"]
[Round "8.19"]
[White "Suleymanli, Suleyman"]
[Black "Atakishiyev, Elmar"]
[Result "1/2-1/2"]
[ECO "D77"]
[WhiteElo "2262"]
[BlackElo "2356"]
[Annotator "TA"]
[PlyCount "44"]
[EventDate "2024.06.29"]
[EventType "swiss"]
[EventCountry "AZE"]
[SourceTitle "playchess.com"]
[Source "ChessBase"]
[SourceQuality "1"]
[TimeControl "5400+30"]

1. Nf3 Nf6 2. g3 g6 3. Bg2 Bg7 4. O-O O-O 5. d4 d5 6. c4 dxc4 7. Na3 a5 8. Re1 c6 9. Nxc4 Be6 10. Qc2 {[%emt 0:02:14] White is slightly better.} Na6 11. a3 {[%emt 0:03:39] Dodges Nb4} a4 12. e4 (12. Qxa4 $2 {too greedy.} b5 13. Qc2 bxc4 $19) 12... Nc7 13. Bf4 Nb5 14. Rad1 Nd6 15. Ncd2 {[%emt 0:23:00] Black must now prevent e5.} Nb5 16. Be5 Bh6 17. Qd3 Qb6 18. Nc4 (18. d5 {is more complex.} cxd5 19. exd5 Bxd5 20. Bxf6 Bxf3 21. Nc4) 18... Qa6 19. Bxf6 exf6 20. d5 Rfd8 21. Nd4 Bg4 {[%emt 0:00:06] And now ...cxd5 would win.} 22. Bf3 Nxd4 {[%emt 0:20:25] Weighted Error Value: White=0.12 (very precise) /Black=0.06 (flawless) .  Inaccurate:     	White=3     	Black=2      OK:         	White=5     	Black=5      Best:        	---       	Black=1} 1/2-1/2

[Event "Baku Open 2024"]
[Site "Baku"]
[Date "2024.07.06"]
[Round "8.20"]
[White "Orujov, Farid"]
[Black "Mammadova, Gulnar"]
[Result "1/2-1/2"]
[ECO "C88"]
[WhiteElo "2243"]
[BlackElo "2348"]
[Annotator "TA"]
[PlyCount "40"]
[EventDate "2024.06.29"]
[EventType "swiss"]
[EventCountry "AZE"]
[SourceTitle "playchess.com"]
[Source "ChessBase"]
[SourceQuality "1"]
[TimeControl "5400+30"]

1. e4 e5 2. Nf3 Nc6 3. Bb5 a6 4. Ba4 Nf6 5. O-O Be7 6. Re1 b5 7. Bb3 O-O 8. h3 Bb7 9. d3 d5 10. exd5 Nxd5 11. a4 Nd4 {[%emt 0:17:24] The position is equal.} 12. Nxd4 exd4 13. axb5 axb5 14. Rxa8 Bxa8 15. Na3 Bb4 16. Bd2 Bxd2 17. Qxd2 Qf6 18. Bxd5 Bxd5 19. Nxb5 Bxg2 20. Kxg2 {[%emt 0:00:04][%cal Ob5a3] [#] Black must now prevent Na3!} Qc6+ {[%emt 0:00:07] A rather calm draw.   Weighted Error Value: White=0.04 (flawless) /Black=0.01 (flawless) .  OK:         	White=7     	Black=4      Best:        	---       	Black=2} 1/2-1/2

[Event "Baku Open 2024"]
[Site "Baku"]
[Date "2024.07.06"]
[Round "8.21"]
[White "Amangeldy, Ernur"]
[Black "Zhukova, Natalia"]
[Result "1/2-1/2"]
[ECO "C11"]
[WhiteElo "2223"]
[BlackElo "2306"]
[Annotator "TA"]
[PlyCount "127"]
[EventDate "2024.06.29"]
[EventType "swiss"]
[EventCountry "AZE"]
[SourceTitle "playchess.com"]
[Source "ChessBase"]
[SourceQuality "1"]
[TimeControl "5400+30"]

1. e4 e6 2. d4 d5 3. Nc3 Nf6 4. e5 Nfd7 5. Nce2 c5 6. c3 Nc6 7. Nf3 Qb6 8. a3 Be7 9. h4 c4 10. Nf4 Na5 11. Nd2 Qc7 12. Rb1 Nb6 13. Nh5 g6 14. Ng3 Bd7 15. Nf3 h6 16. Bf4 O-O-O 17. Qc1 Bf8 18. Nh2 Bg7 19. Ng4 h5 20. Nh2 Ba4 21. Nf3 Bb3 22. Ra1 Ba4 23. Qe3 Nc6 24. Be2 Kb8 25. O-O Ka8 26. Rae1 Rc8 27. Ng5 Rcf8 28. Bd1 Na5 29. Bxa4 Nxa4 30. Re2 Qd7 31. Qd2 Rc8 32. Qc2 Rhf8 33. Bc1 Qb5 (33... Nb6 $11) 34. f4 ({White should try} 34. Nxf7 $16 Rxf7 35. Qxg6) 34... Nb3 $1 $11 35. f5 exf5 36. e6 (36. Bf4 $11 {remains equal.}) 36... Bxd4+ $1 $17 37. cxd4 Nxd4 38. Qd1 Nxe2+ 39. Nxe2 fxe6 40. Nxe6 {[%emt 0:03:32] [#]} Rfe8 (40... Nxb2 41. N2d4 Qb6 42. Bxb2 Qxb2 43. Nxf8 Rxf8 44. Qa1 Qxa1 45. Rxa1 $11) ({Better is} 40... Qb6+ $1 $17 41. N2d4 Rfe8) 41. N2d4 (41. N2f4 $15 Qc6 42. Ng5) 41... Qb6 $17 42. Re1 {[%emt 0:00:05] [#]} Nc5 $1 ({Don't play} 42... Nxb2 $6 43. Bxb2 Rxe6 (43... Qxb2 $2 44. Nc7+ Kb8 45. Nxe8 $18) 44. Rxe6 $11) 43. Nxc5 Qxc5 44. Be3 Qa5 (44... c3 $17 45. Nb3 Qc4 46. bxc3 Qxh4 (46... Qxc3 47. Bf2 $17)) 45. Bf2 $1 $11 Re4 46. Rf1 a6 47. Qc2 Rce8 48. Nf3 Re2 49. Qd1 $2 (49. Qc1 $11) 49... R8e4 $2 (49... Rxb2 $19 {[%cal Oe8e4] White must now prevent ...Re4!} 50. Qd4 Rxf2 (50... Qxa3 51. Qa7#) 51. Qxf2 c3 (51... Qxa3 $2 52. Rd1 $19)) 50. Qc1 $11 Rg4 51. Rd1 Qc7 52. Rd2 Qf4 53. Qc3 Rxd2 54. Nxd2 d4 55. Qb4 b5 56. Qa5 (56. Qf8+ $11 {keeps the balance.} Kb7 57. Qf7+ Qc7 58. Qe6) 56... Qd6 ({Black should play} 56... Kb7 $17 57. Qd8 Qc7 (57... Qxd2 58. Qe7+ Kc8 59. Qe6+ Kc7 60. Qe7+ Kc6 61. Qe6+ Kc5 62. Qe5+ Kb6 63. Qe6+ Kc5 64. Qe5+ Kc6 65. Qe6+ Kc7 66. Qe7+ Kc8 67. Qe8+ Kc7 68. Qe7+ $11)) 57. a4 $11 Qc6 58. Qd8+ Kb7 59. Qe7+ Kc8 60. Qf8+ Kb7 61. Qe7+ Kc8 62. Qf8+ Kb7 63. Qe7+ Kc8 64. Qf8+ 1/2-1/2